 Dungeon Crawl Stone Soup version 0.18.1-8-gdd0e5ea (webtiles) character file.

26 sugabear the Slasher (level 3, 0/18 HPs)
             Began as a Vine Stalker Gladiator on May 22, 2016.
             Succumbed to an adder's poison
             ... on level 2 of the Dungeon.
             The game lasted 00:01:15 (658 turns).

sugabear the Slasher (Vine Stalker Gladiator)        Turns: 658, Time: 00:01:15

Health: 0/18       AC:  4    Str: 18    XL:     3   Next: 8%
Magic:  2/4        EV: 12    Int:  8    God:
Gold:   49         SH:  0    Dex: 14    Spells: 0 memorised, 2 levels left

rFire  . . .     SeeInvis .     j - -3 whip (curse)
rCold  . . .     Gourm    +     b - +0 leather armour
rNeg   . . .     Faith    .     (no shield)
rPois  .         Spirit   +     c - +0 helmet
rElec  .         Dismiss  .     (no cloak)
rCorr  .         Reflect  .     (no gloves)
SustAt .         Harm     .     (no boots)
MR     .....                    l - amulet of the gourmand
Stlth  +.........               (no ring)
                                (no ring)

@: lethally poisoned (0 -> -7), not resistant to hostile enchantments, very
unstealthy
A: fangs 2, regeneration 1, magic shield, antimagic bite, no device heal 3, rot
immunity
a: no special abilities


You were on level 2 of the Dungeon.
You were not hungry.

You visited 1 branch of the dungeon, and saw 2 of its levels.

You collected 49 gold pieces.

Inventory:

Hand Weapons
 a - a +0 long sword
 g - a +3 hunting sling
 j - a cursed -3 whip (weapon)
Missiles
 d - 3 throwing nets (quivered)
 i - 22 stones
Armour
 b - a +0 leather armour (worn)
 c - a +0 helmet (worn)
Jewellery
 l - an amulet of the gourmand (around neck)
Potions
 e - 3 potions of brilliance {unknown}
 h - a potion of flight {unknown}
 k - 2 potions of agility {unknown}
 n - a potion of berserk rage {unknown}
 o - a potion of invisibility {unknown}
 q - a potion of ambrosia {unknown}
Books
 p - a book of Necromancy

   Spells                             Type                      Level
   a - Pain                           Necromancy                   1
   b - Animate Skeleton               Necromancy                   1
   c - Vampiric Draining              Necromancy                   3
   d - Regeneration                   Charms/Necromancy            3
   e - Animate Dead                   Necromancy                   4
   f - Control Undead                 Necromancy                   4
Comestibles
 f - 2 bread rations
 m - a royal jelly


   Skills:
 + Level 1.8 Fighting
 + Level 3.1 Long Blades
 + Level 1.9 Throwing
 + Level 0.2 Armour
 + Level 2.8 Dodging


You had 2 spell levels left.
You didn't know any spells.

Dungeon Overview and Level Annotations

Branches:
Dungeon (2/15)

Altars:


Innate Abilities, Weirdness & Mutations

You have extremely sharp teeth.
Your natural rate of healing is unusually fast.
When hurt, damage is shared between your health and your magic reserves.
Your bite disrupts and absorbs the magic of your enemies.
Potions and wands cannot restore your health.
You are immune to rotting.


Message History

You are too injured to fight recklessly!
You are too injured to fight recklessly!
You hit the adder. You bite the adder. You drain its power.
You feel invigorated.
The adder is heavily wounded.
* * * LOW HITPOINT WARNING * * *
You feel sick. The adder bites you but does no damage.
You hit the adder but do no damage. You bite the adder. You drain its power.
The adder is almost dead.
The adder barely misses you.
You miss the adder. Your bite misses the adder.
The adder is almost dead.
* * * LOW HITPOINT WARNING * * *
You feel sick. The adder barely misses you. The adder bites you.
* * * LOW HITPOINT WARNING * * *
You are more poisoned.
The adder poisons you!
You closely miss the adder. Your bite misses the adder.
The adder is severely wounded.
You die...

........# ........# #####
......... ....# ........#
...<# ........##....#
........#.#..#
.........(..# #..>.S@...#
#######....#
.............#
....###...####
##.(..###..#######
.......#.......... .
#..................
.#..####..#..............
(......#....#............


You could see an adder.

Vanquished Creatures
  A worm (D:2)
  4 ball pythons
  3 bats
  2 giant cockroaches (D:1)
  3 goblins (D:1)
  3 hobgoblins
  A kobold (D:2)
  4 rats
21 creatures vanquished.

Notes
Turn   | Place    | Note
--------------------------------------------------------------
     0 | D:1      | sugabear the Vine Stalker Gladiator began the quest for the Orb.
     0 | D:1      | Reached XP level 1. HP: 11/11 MP: 2/2
   187 | D:1      | Reached XP level 2. HP: 15/15 MP: 3/3
   195 | D:1      | Reached skill level 3 in Long Blades
   572 | D:2      | Reached XP level 3. HP: 6/18 MP: 1/4
   658 | D:2      | Succumbed to an adder's poison

Skill      XL: |  1  2 |
---------------+-------+-----
Long Blades    | 3 |  3.1
Fighting       | |  1.8
Throwing       | |  1.9
Armour         | |  0.2
Dodging        | |  2.8

Action                   || total
-------------------------++-------
Melee: Whip              ||    97
       Bite              ||    26
       Long sword        ||     3
  Use: Scroll            ||     2
  Eat: Chunk             ||     3
Armor: Leather armour    ||    35
Dodge: Dodged            ||    70
